[Event "CZE-ch Youth G10-G12-G14 2022"]
[Site "Luhacovice"]
[Date "2022.03.12"]
[Round "1.22"]
[White "Hladka, Leontyna"]
[Black "Martinkovicova Nela"]
[Result "0-1"]
[ECO "C41"]
[WhiteElo "1134"]
[BlackElo "1032"]
[Annotator "NA"]
[PlyCount "87"]
[EventDate "2022.03.12"]
[EventType "swiss"]
[EventCountry "CZE"]
[SourceTitle "playchess.com"]
[Source "ChessBase"]
[SourceQuality "1"]
[TimeControl "40/5400+30:1800+30"]

1. e4 e5 2. Nf3 Nc6 3. d4 d6 4. dxe5 dxe5 5. Qxd8+ Kxd8 6. Bc4 Be6 7. Bxe6 fxe6 8. O-O Kd7 9. Nc3 Rd8 10. Bg5 Be7 11. Rfd1+ Kc8 12. Bxe7 Ngxe7 13. Ng5 Rxd1+ 14. Rxd1 Nd8 15. Ne2 h6 16. Nf3 Ng6 17. a3 Nf7 18. Rd3 Nf4 19. Nxf4 exf4 20. Nd4 Ne5 21. Rd2 Nc4 22. Re2 Rd8 23. c3 c5 24. Nf3 Nxb2 25. h3 Nc4 26. a4 Rd3 27. Rc2 Rd1+ 28. Kh2 Rd3 29. Rc1 Nd2 30. Ne5 Rd6 31. f3 a6 32. Kg1 h5 33. Kf2 Kc7 34. Ke2 Nb3 35. Rb1 Na5 36. Rb2 Nc6 37. Nc4 Rd7 38. Nb6 Rd6 39. Nc4 Rd7 40. Nb6 Rd6 41. Nc4 Rd7 42. Nb6 Rd6 43. Nc4 Rd7 44. Nb6 0-1

[Event "CZE-ch Youth G10-G12-G14 2022"]
[Site "Luhacovice"]
[Date "2022.03.12"]
[Round "1.23"]
[White "Archlebova Iva"]
[Black "Stavova, Lucie"]
[Result "0-1"]
[ECO "C50"]
[WhiteElo "1028"]
[BlackElo "1048"]
[Annotator "NA"]
[PlyCount "73"]
[EventDate "2022.03.12"]
[EventType "swiss"]
[EventCountry "CZE"]
[SourceTitle "playchess.com"]
[Source "ChessBase"]
[SourceQuality "1"]
[TimeControl "40/5400+30:1800+30"]

1. e4 e5 2. Nf3 Nc6 3. Bc4 Nf6 4. Nc3 Bc5 5. d3 d6 6. h3 O-O 7. O-O Be6 8. Bxe6 fxe6 9. Ng5 Qd7 10. Nb5 Bb6 11. Nf3 a6 12. Nc3 d5 13. Bg5 d4 14. Na4 Ba7 15. c3 b5 16. Bxf6 Rxf6 17. cxd4 exd4 18. Rc1 bxa4 19. Qxa4 e5 20. Nxe5 Nxe5 21. Qb3+ Kh8 22. Qd5 Qxd5 23. exd5 Nxd3 24. Rxc7 Nxb2 25. Rd7 Bc5 26. Rc7 Bd6 27. Rc6 Be5 28. Rxf6 Bxf6 29. d6 d3 30. Rb1 d2 31. Rxb2 d1=Q+ 32. Kh2 Bxb2 33. d7 Qxd7 34. Kh1 Rf8 35. Kg1 Qd1+ 36. Kh2 Be5+ 37. g3 0-1

[Event "CZE-ch Youth G10-G12-G14 2022"]
[Site "Luhacovice"]
[Date "2022.03.12"]
[Round "1.24"]
[White "Souralova, Alena"]
[Black "Bartova Hana"]
[Result "0-1"]
[ECO "C50"]
[WhiteElo "1010"]
[BlackElo "1000"]
[Annotator "NA"]
[PlyCount "81"]
[EventDate "2022.03.12"]
[EventType "swiss"]
[EventCountry "CZE"]
[SourceTitle "playchess.com"]
[Source "ChessBase"]
[SourceQuality "1"]
[TimeControl "40/5400+30:1800+30"]

1. e4 e5 2. Nf3 Nc6 3. Bc4 Bc5 4. d3 Nf6 5. Nc3 h6 6. Be3 Bxe3 7. fxe3 Ng4 8. Qe2 Nb4 9. a3 Nc6 10. O-O O-O 11. Rad1 d6 12. d4 Qe7 13. Nd5 Qd8 14. dxe5 Ngxe5 15. Nxe5 Nxe5 16. Nb4 c5 17. Nd3 Nxc4 18. b3 Nxa3 19. Nf4 a6 20. e5 Nb5 21. exd6 Nc3 22. Qd3 Nxd1 23. Rxd1 Bd7 24. Qd5 b6 25. Nd3 Be6 26. Qb7 Qxd6 27. e4 Rfb8 28. Qxb8+ Rxb8 29. e5 Qd4+ 30. Kh1 Bf5 31. h3 Bxd3 32. Rxd3 Qxe5 33. Kg1 Re8 34. Rd1 b5 35. Rf1 a5 36. Kh1 a4 37. bxa4 bxa4 38. Ra1 Qxa1+ 39. Kh2 Re1 40. c4 Qe5+ 41. g3 0-1

[Event "CZE-ch Youth G10-G12-G14 2022"]
[Site "Luhacovice"]
[Date "2022.03.12"]
[Round "1.25"]
[White "Kavanova Valentyna"]
[Black "Stehlikova, Vanessa"]
[Result "1/2-1/2"]
[ECO "D37"]
[WhiteElo "1000"]
[BlackElo "1039"]
[Annotator "NA"]
[PlyCount "211"]
[EventDate "2022.03.12"]
[EventType "swiss"]
[EventCountry "CZE"]
[SourceTitle "playchess.com"]
[Source "ChessBase"]
[SourceQuality "1"]
[TimeControl "40/5400+30:1800+30"]

1. d4 d5 2. c4 e6 3. Nc3 Nf6 4. Nf3 Be7 5. e3 O-O 6. Bd3 h6 7. O-O Nbd7 8. a3 c6 9. b4 Bd6 10. c5 Bc7 11. Bd2 e5 12. Re1 e4 13. Ne5 exd3 14. Nxd3 Ne4 15. Nxe4 dxe4 16. Nf4 Bxf4 17. exf4 Re8 18. Qc2 Nf6 19. a4 Qxd4 20. Bc3 Qc4 21. Rac1 Qd3 22. Qxd3 exd3 23. Bxf6 Rxe1+ 24. Rxe1 gxf6 25. Re8+ Kg7 26. Rd8 b6 27. Rxd3 Ba6 28. Rb3 Re8 29. h3 Re1+ 30. Kh2 b5 31. a5 Bc8 32. Rg3+ Kh7 33. Rd3 Re4 34. Rd6 Rxf4 35. Rxc6 Be6 36. Ra6 Rxb4 37. c6 Rc4 38. f4 f5 39. g4 Rc2+ 40. Kg3 Rc3+ 41. Kh2 b4 42. Rxa7 Rxc6 43. Rb7 b3 44. gxf5 Bd5 45. Rb8 Rc2+ 46. Kg3 b2 47. a6 Ba2 48. a7 b1=Q 49. Rxb1 Bd5 50. Ra1 Rc8 51. Kg4 Rg8+ 52. Kh4 Ba8 53. Rc1 Bd5 54. Rc7 Ra8 55. Kh5 Kg7 56. Rd7 Bf3+ 57. Kh4 Bc6 58. Rc7 Be4 59. Kg4 Rg8 60. Rc5 Kf6+ 61. Kh5 Bf3+ 62. Kh4 Ra8 63. Ra5 Be4 64. Kh5 Bxf5 65. Ra6+ Be6 66. h4 Kf5 67. Kxh6 Kxf4 68. h5 Bg4 69. Kg7 Bxh5 70. Ra4+ Kg5 71. Ra5+ f5 72. Ra6 Kg4 73. Kf6 f4 74. Ke7 Kg3 75. Ra2 f3 76. Kd6 f2 77. Ra1 Bf3 78. Kc7 Kg2 79. Kb6 f1=Q 80. Rxf1 Kxf1 81. Ka6 Be2+ 82. Kb7 Bf3+ 83. Ka6 Rf8 84. Ka5 Rf6 85. Kb4 Ra6 86. a8=N Rxa8 87. Kc5 Rd8 88. Kb6 Rc8 89. Kb5 Ke2 90. Kb6 Kd3 91. Kb5 Rc1 92. Kb4 Bh5 93. Kb3 Rb1+ 94. Ka2 Kc2 95. Ka3 Rb8 96. Ka4 Rb1 97. Ka3 Be8 98. Ka2 Rb8 99. Ka3 Kc3 100. Ka2 Kc2 101. Ka3 Kc3 102. Ka2 Bf7+ 103. Ka1 Bg6 104. Ka2 Rb6 105. Ka1 Kc2 106. Ka2 1/2-1/2

[Event "CZE-ch Youth G10-G12-G14 2022"]
[Site "Luhacovice"]
[Date "2022.03.12"]
[Round "1.26"]
[White "Pruskova, Justyna"]
[Black "Kubickova Linda"]
[Result "1/2-1/2"]
[ECO "C52"]
[WhiteElo "1003"]
[BlackElo "1000"]
[Annotator "NA RC"]
[PlyCount "80"]
[EventDate "2022.03.12"]
[EventType "swiss"]
[EventCountry "CZE"]
[SourceTitle "playchess.com"]
[Source "ChessBase"]
[SourceQuality "1"]
[TimeControl "40/5400+30:1800+30"]

1. e4 e5 2. Nf3 Nc6 3. Bc4 Bc5 4. b4 Bxb4 5. c3 Ba5 6. O-O Nf6 7. d3 O-O 8. Bg5 h6 9. Bh4 d6 10. d4 Nxe4 11. Bxd8 Rxd8 12. Bd5 Bxc3 13. Nxc3 Nxc3 14. Qb3 Nxd4 15. Qxc3 Ne2+ 16. Kh1 Nxc3 17. Bb3 Bg4 18. Rac1 Ne2 19. Rxc7 b6 20. Rxf7 Kh8 21. Bd5 Rab8 22. Rxa7 Rf8 23. Ra3 Rbc8 24. Nh4 Kh7 25. Be4+ Kg8 26. Ng6 Rfe8 27. Ra7 Nc3 28. Ne7+ Rxe7 29. Rxe7 Nxe4 30. f3 Nf2+ 31. Kg1 Nh3+ 32. gxh3 Bxh3 33. Rb7 Bxf1 34. Kxf1 Rc6 35. Ke2 Rc2+ 36. Ke3 Rxa2 37. Rxb6 d5 38. Re6 d4+ 39. Ke4 Ra5 40. Rd6 Kf7 1/2-1/2

[Event "CZE-ch Youth G10-G12-G14 2022"]
[Site "Luhacovice"]
[Date "2022.03.12"]
[Round "1.28"]
[White "Kubatova Ema"]
[Black "Vaclavkova Klara"]
[Result "1/2-1/2"]
[ECO "C44"]
[WhiteElo "1183"]
[BlackElo "1000"]
[Annotator "NA"]
[PlyCount "65"]
[EventDate "2022.03.12"]
[EventType "swiss"]
[EventCountry "CZE"]
[SourceTitle "playchess.com"]
[Source "ChessBase"]
[SourceQuality "1"]
[TimeControl "40/5400+30:1800+30"]

1. e4 e5 2. Nf3 Nc6 3. d4 f6 4. Nc3 Bb4 5. dxe5 fxe5 6. Bd2 Nf6 7. Bd3 d6 8. O-O Bg4 9. a3 Bc5 10. Bg5 h6 11. Bh4 g5 12. Bg3 Nd4 13. Be2 Qd7 14. Nxd4 Bxe2 15. Ndxe2 O-O-O 16. b4 Bb6 17. a4 a6 18. Qd2 Rhg8 19. Rab1 h5 20. a5 Ba7 21. b5 axb5 22. Nxb5 Bc5 23. h3 h4 24. Bh2 g4 25. hxg4 Qxg4 26. g3 hxg3 27. Nxg3 Nxe4 28. Qd3 Nxg3 29. Bxg3 Qxg3+ 30. Qxg3 Rxg3+ 31. Kh2 Rg6 32. Rb3 Bb4 33. Rg3 1/2-1/2

[Event "CZE-ch Youth G10-G12-G14 2022"]
[Site "Luhacovice"]
[Date "2022.03.12"]
[Round "1.29"]
[White "Rybackova, Lucie"]
[Black "Dominikova, Denisa"]
[Result "1-0"]
[ECO "C91"]
[WhiteElo "1612"]
[BlackElo "1254"]
[Annotator "NA"]
[PlyCount "134"]
[EventDate "2022.03.12"]
[EventType "swiss"]
[EventCountry "CZE"]
[SourceTitle "playchess.com"]
[Source "ChessBase"]
[SourceQuality "1"]
[TimeControl "40/5400+30:1800+30"]

1. e4 e5 2. Nf3 Nc6 3. Bb5 a6 4. Ba4 Nf6 5. O-O Be7 6. Re1 b5 7. Bb3 d6 8. c3 O-O 9. d4 Bg4 10. Be3 Qd7 11. Nbd2 h6 12. Bc2 Rfe8 13. Nf1 Bd8 14. Ng3 Qc8 15. h3 Bd7 16. Qd3 Qb7 17. Rad1 a5 18. b3 Rb8 19. Nd2 Ne7 20. dxe5 dxe5 21. Ndf1 Ng6 22. Bb1 Re6 23. Qc2 c6 24. Bc5 Bb6 25. Bxb6 Qxb6 26. c4 Rd8 27. c5 Qc7 28. Nf5 Bc8 29. Rxd8+ Qxd8 30. Rd1 Qf8 31. Nd6 Re7 32. Rd2 Ba6 33. b4 axb4 34. Qb3 Rd7 35. Qxb4 Ne8 36. Ne3 Qe7 37. Nef5 Qe6 38. Nxe8 Qxe8 39. Rxd7 Qxd7 40. Nd6 Nf4 41. Qa5 Bc8 42. Qa8 Ne2+ 43. Kh2 Nc3 44. Bc2 Kh7 45. Qxc8 Qxc8 46. Nxc8 Nxa2 47. Na7 Nb4 48. Bb3 Kg6 49. Nc8 Kf6 50. Nd6 Nd3 51. Nb7 Nxf2 52. Bc2 Kg5 53. Kg1 Nxe4 54. Bxe4 Kf4 55. Bxc6 b4 56. Ba4 e4 57. c6 e3 58. c7 e2 59. Kf2 b3 60. Bxb3 e1=Q+ 61. Kxe1 f5 62. c8=Q g6 63. Kf2 h5 64. Qc4+ Kg5 65. h4+ Kh6 66. Qg8 f4 67. Bf7 f3 1-0

[Event "CZE-ch Youth G10-G12-G14 2022"]
[Site "Luhacovice"]
[Date "2022.03.12"]
[Round "1.30"]
[White "Dorazilova, Kristyna"]
[Black "Janouskova, Adela"]
[Result "1/2-1/2"]
[ECO "B21"]
[WhiteElo "1240"]
[BlackElo "1585"]
[Annotator "NA"]
[PlyCount "66"]
[EventDate "2022.03.12"]
[EventType "swiss"]
[EventCountry "CZE"]
[SourceTitle "playchess.com"]
[Source "ChessBase"]
[SourceQuality "1"]
[TimeControl "40/5400+30:1800+30"]

1. e4 c5 2. Nc3 Nc6 3. Bb5 g6 4. Bxc6 dxc6 5. f4 Bg7 6. Nf3 Nf6 7. O-O O-O 8. d3 Qc7 9. Qe1 e6 10. Qh4 Ne8 11. Kh1 Nd6 12. Qe1 Nb5 13. Ne2 Nd4 14. Qd1 Rd8 15. Nexd4 cxd4 16. Qe1 c5 17. b3 Bd7 18. Bd2 Bc6 19. Qg3 Re8 20. e5 Rad8 21. a4 Bd5 22. Rae1 a5 23. Re2 b6 24. Ree1 Qc6 25. Re2 Ra8 26. Ree1 Qd7 27. Ra1 Ra7 28. Qe1 Rea8 29. Kg1 Bc6 30. Rf2 Rc8 31. Rf1 Raa8 32. Ra2 Qd5 33. Ra1 Qd8 1/2-1/2

[Event "CZE-ch Youth G10-G12-G14 2022"]
[Site "Luhacovice"]
[Date "2022.03.12"]
[Round "1.31"]
[White "Zadrapova, Amalie"]
[Black "Lackova, Ludmila"]
[Result "0-1"]
[ECO "A29"]
[WhiteElo "1582"]
[BlackElo "1167"]
[Annotator "NA RC"]
[PlyCount "106"]
[EventDate "2022.03.12"]
[EventType "swiss"]
[EventCountry "CZE"]
[SourceTitle "playchess.com"]
[Source "ChessBase"]
[SourceQuality "1"]
[TimeControl "40/5400+30:1800+30"]

1. c4 e5 2. g3 Nf6 3. Bg2 Nc6 4. Nc3 Bc5 5. Nf3 d6 6. O-O O-O 7. a3 a6 8. b4 Ba7 9. Bb2 Be6 10. d3 Qd7 11. Re1 Bh3 12. Bh1 h6 13. Qc2 Rab8 14. e3 Rfe8 15. Rac1 Qe6 16. Nd5 Rec8 17. d4 Bf5 18. Nxf6+ Qxf6 19. Qc3 exd4 20. Nxd4 Nxd4 21. exd4 c6 22. Qd2 Qd8 23. Rc3 Qd7 24. Rce3 Re8 25. Qe2 Rxe3 26. Qxe3 Be6 27. Qb3 Kf8 28. d5 cxd5 29. cxd5 Bf5 30. Qc3 f6 31. Be4 Bxe4 32. Rxe4 Rc8 33. Qe1 Re8 34. Rxe8+ Qxe8 35. Kf1 Qb5+ 36. Kg1 Qxd5 37. Qc1 Qc6 38. Qd2 Kf7 39. Qd1 Qb6 40. Qh5+ Kf8 41. Qf5 Qc7 42. Qe4 Qe7 43. Qb1 Qe2 44. Kg2 Qxf2+ 45. Kh3 Qe3 46. Qf5 Qe8 47. Qg4 d5 48. Qf5 d4 49. Qd5 Qb5 50. Qd8+ Kf7 51. Qc7+ Kg6 52. Qc8 Qf5+ 53. Qxf5+ Kxf5 0-1

[Event "CZE-ch Youth G10-G12-G14 2022"]
[Site "Luhacovice"]
[Date "2022.03.12"]
[Round "1.32"]
[White "Stavova, Marketa"]
[Black "Dudkova, Josefina"]
[Result "0-1"]
[ECO "B01"]
[WhiteElo "1146"]
[BlackElo "1545"]
[Annotator "NA"]
[PlyCount "40"]
[EventDate "2022.03.12"]
[EventType "swiss"]
[EventCountry "CZE"]
[SourceTitle "playchess.com"]
[Source "ChessBase"]
[SourceQuality "1"]
[TimeControl "40/5400+30:1800+30"]

1. e4 d5 2. exd5 Nf6 3. Nf3 Qxd5 4. Nc3 Qh5 5. Be2 Bg4 6. d3 Nc6 7. Be3 O-O-O 8. Qd2 e5 9. O-O-O e4 10. h3 Bxf3 11. gxf3 exf3 12. Bf1 Bb4 13. Kb1 Nd5 14. Qe1 Nxc3+ 15. bxc3 Ba3 16. Ka1 Qa5 17. Rb1 b5 18. Bd2 Rhe8 19. Qd1 b4 20. c4 Qe5+ 0-1

[Event "CZE-ch Youth G10-G12-G14 2022"]
[Site "Luhacovice"]
[Date "2022.03.12"]
[Round "1.33"]
[White "Sikorova, Jana"]
[Black "Filipova, Vanesa"]
[Result "0-1"]
[ECO "D45"]
[WhiteElo "1427"]
[BlackElo "1146"]
[Annotator "NA"]
[PlyCount "94"]
[EventDate "2022.03.12"]
[EventType "swiss"]
[EventCountry "CZE"]
[SourceTitle "playchess.com"]
[Source "ChessBase"]
[SourceQuality "1"]
[TimeControl "40/5400+30:1800+30"]

1. d4 d5 2. c4 dxc4 3. e3 Nf6 4. Bxc4 e6 5. Nf3 Be7 6. O-O O-O 7. Nc3 c5 8. Qc2 Qc7 9. Bd3 Nc6 10. Ne4 Ng4 11. Nxc5 Nb4 12. Qc3 Bxc5 13. dxc5 Nxd3 14. Qxd3 Qxc5 15. Bd2 b6 16. Rac1 Qh5 17. Rc7 a5 18. Rfc1 e5 19. Bc3 Ba6 20. Qd5 Be2 21. h3 Nf6 22. Qxe5 Bxf3 23. Qg3 Qf5 24. Bxf6 Qxf6 25. Qxf3 Qxb2 26. Qc6 h6 27. Rc2 Qa1+ 28. Kh2 Qe5+ 29. g3 b5 30. Rb7 b4 31. Qc5 Qe4 32. Rb5 Rfd8 33. Qf5 Qxf5 34. Rxf5 Rd1 35. Rc7 f6 36. Rc2 a4 37. Rb5 Rb1 38. Kg2 Kh7 39. Kf3 b3 40. axb3 a3 41. Rb7 a2 42. Rcc7 Rg8 43. Ra7 a1=Q 44. Rxa1 Rxa1 45. Rb7 Rb1 46. b4 Rc8 47. b5 Rc5 0-1

[Event "CZE-ch Youth G10-G12-G14 2022"]
[Site "Luhacovice"]
[Date "2022.03.12"]
[Round "1.34"]
[White "Archlebova, Stela"]
[Black "Dobsa, Emma"]
[Result "0-1"]
[ECO "C55"]
[WhiteElo "1121"]
[BlackElo "1425"]
[Annotator "NA"]
[PlyCount "36"]
[EventDate "2022.03.12"]
[EventType "swiss"]
[EventCountry "CZE"]
[SourceTitle "playchess.com"]
[Source "ChessBase"]
[SourceQuality "1"]
[TimeControl "40/5400+30:1800+30"]

1. e4 e5 2. Nf3 Nc6 3. Nc3 Nf6 4. Bc4 Nxe4 5. Nxe4 d5 6. Bb5 dxe4 7. Nxe5 Qg5 8. d4 Qxg2 9. Rf1 a6 10. Bc4 Nxe5 11. dxe5 Be7 12. Bf4 O-O 13. Qe2 Bg4 14. Qe3 Rad8 15. Bg5 Bxg5 16. Qxg5 Qf3 17. Qc1 b5 18. Rg1 bxc4 0-1

[Event "CZE-ch Youth G10-G12-G14 2022"]
[Site "Luhacovice"]
[Date "2022.03.12"]
[Round "1.35"]
[White "Mikesova, Lenka"]
[Black "Myskova, Veronika"]
[Result "1-0"]
[ECO "B35"]
[WhiteElo "1364"]
[BlackElo "1117"]
[Annotator "NA"]
[PlyCount "73"]
[EventDate "2022.03.12"]
[EventType "swiss"]
[EventCountry "CZE"]
[SourceTitle "playchess.com"]
[Source "ChessBase"]
[SourceQuality "1"]
[TimeControl "40/5400+30:1800+30"]

1. e4 c5 2. Nf3 Nc6 3. d4 cxd4 4. Nxd4 g6 5. Nc3 Bg7 6. Be3 Nf6 7. f3 O-O 8. Bc4 a6 9. Qd2 b5 10. Nxc6 dxc6 11. Qxd8 Rxd8 12. Bb3 a5 13. a4 b4 14. Ne2 Ba6 15. Kf2 Rac8 16. Rad1 e6 17. Bb6 Re8 18. Bxa5 c5 19. c4 Bb7 20. e5 Nh5 21. g4 Bxe5 22. gxh5 Bxb2 23. hxg6 hxg6 24. h4 e5 25. h5 Kg7 26. hxg6 fxg6 27. Rd7+ Kf6 28. Rxb7 e4 29. Rb6+ Kf5 30. fxe4+ Kxe4 31. Bc2+ Ke5 32. Bxg6 Rh8 33. Rxh8 Rxh8 34. Rc6 Rh2+ 35. Kf3 Rh3+ 36. Kg2 Rh6 37. Bc7# 1-0

[Event "CZE-ch Youth G10-G12-G14 2022"]
[Site "Luhacovice"]
[Date "2022.03.12"]
[Round "1.36"]
[White "Kavanova, Anezka"]
[Black "Hetfleischova, Elen"]
[Result "0-1"]
[ECO "B34"]
[WhiteElo "1089"]
[BlackElo "1363"]
[Annotator "NA"]
[PlyCount "111"]
[EventDate "2022.03.12"]
[EventType "swiss"]
[EventCountry "CZE"]
[SourceTitle "playchess.com"]
[Source "ChessBase"]
[SourceQuality "1"]
[TimeControl "40/5400+30:1800+30"]

1. e4 c5 2. Nf3 Nc6 3. d4 cxd4 4. Nxd4 g6 5. Nc3 Bg7 6. Be3 Nf6 7. f3 O-O 8. Be2 a6 9. Qd2 Qc7 10. Nb3 d6 11. Bh6 b5 12. Bxg7 Kxg7 13. g4 b4 14. Nd5 Nxd5 15. exd5 Ne5 16. h4 f6 17. O-O-O a5 18. g5 a4 19. gxf6+ exf6 20. Na1 b3 21. axb3 a3 22. c4 Qa7 23. Kb1 axb2 24. Qxb2 Bf5+ 25. Kc1 Qxa1+ 26. Qxa1 Rxa1+ 27. Kb2 Ra7 28. b4 Rb8 29. b5 Rc7 30. Kc3 Rxb5 31. Kd4 Rb4 32. Rc1 Nd7 33. Bd1 Ne5 34. Be2 Rb2 35. Bd1 h5 36. f4 Ng4 37. Bxg4 Bxg4 38. c5 Rd2+ 39. Ke3 Rxd5 40. cxd6 Rxc1 41. Rxc1 Rxd6 42. Ra1 Kf7 43. Rc1 Ke6 44. Ra1 Rd5 45. Rc1 Kf5 46. Ra1 Rb5 47. Ra3 Rc5 48. Rb3 Bd1 49. Rd3 Bc2 50. Rd4 Rb5 51. Kd2 Be4 52. Rd6 Rd5+ 53. Rxd5+ Bxd5 54. Ke3 Kg4 55. Kf2 Kxh4 56. Kg1 0-1

[Event "CZE-ch Youth G10-G12-G14 2022"]
[Site "Luhacovice"]
[Date "2022.03.12"]
[Round "1.37"]
[White "Barteckova, Denisa"]
[Black "Svrchokrylova, Ludmila"]
[Result "1-0"]
[ECO "C54"]
[WhiteElo "1323"]
[BlackElo "1024"]
[Annotator "NA"]
[PlyCount "75"]
[EventDate "2022.03.12"]
[EventType "swiss"]
[EventCountry "CZE"]
[SourceTitle "playchess.com"]
[Source "ChessBase"]
[SourceQuality "1"]
[TimeControl "40/5400+30:1800+30"]

1. e4 e5 2. Nf3 Nc6 3. Bc4 Bc5 4. c3 Nf6 5. d3 d6 6. Be3 Bg4 7. h3 Be6 8. Nbd2 Qd7 9. Ng5 d5 10. Bxc5 dxc4 11. Nxe6 fxe6 12. Nxc4 O-O-O 13. Ke2 Rhf8 14. Bxf8 Rxf8 15. b4 Nh5 16. g3 Qf7 17. Rh2 Qf3+ 18. Ke1 Qf7 19. b5 Nb8 20. Nxe5 Qf6 21. Qxh5 g6 22. Qh6 Rd8 23. d4 Nd7 24. Nxd7 Rxd7 25. f4 e5 26. Rd1 Qb6 27. Rhd2 Qxb5 28. dxe5 Rxd2 29. Rxd2 Qb1+ 30. Kf2 Qb6+ 31. Kf3 Qc5 32. Rd3 b6 33. Qxh7 Qg1 34. Qd7+ Kb7 35. Qd5+ Kb8 36. Kg4 Qf2 37. Kg5 Qxg3+ 38. Rxg3 1-0

[Event "CZE-ch Youth G10-G12-G14 2022"]
[Site "Luhacovice"]
[Date "2022.03.12"]
[Round "1.38"]
[White "Dufkova, Tereza"]
[Black "Veverkova, Dorota"]
[Result "0-1"]
[ECO "B02"]
[WhiteElo "1014"]
[BlackElo "1320"]
[Annotator "NA"]
[PlyCount "78"]
[EventDate "2022.03.12"]
[EventType "swiss"]
[EventCountry "CZE"]
[SourceTitle "playchess.com"]
[Source "ChessBase"]
[SourceQuality "1"]
[TimeControl "40/5400+30:1800+30"]

1. e4 Nf6 2. Nc3 d5 3. exd5 Nxd5 4. Nxd5 Qxd5 5. d4 Nc6 6. Nf3 Bg4 7. Be3 g6 8. Be2 Bg7 9. h3 Bxf3 10. Bxf3 Qa5+ 11. c3 Qb5 12. Be2 Qxb2 13. O-O Qa3 14. c4 Qd6 15. c5 Qd8 16. Rb1 Rb8 17. Qa4 O-O 18. Rfd1 e6 19. Bf3 Qe8 20. d5 Ne5 21. c6 bxc6 22. dxc6 Nxf3+ 23. gxf3 Be5 24. Qa5 Bd6 25. Bh6 Qxc6 26. Bxf8 Rxf8 27. Qxa7 Qxf3 28. h4 Kg7 29. Qd4+ f6 30. Rd3 Qf5 31. a4 Qf3 32. Rdd1 Qf5 33. Rd3 Bc5 34. Qd7+ Rf7 35. Qc6 Qxd3 36. Rb8 Qd4 37. Kh2 Qxf2+ 38. Kh3 Qe3+ 39. Kg4 f5# 0-1

[Event "CZE-ch Youth G10-G12-G14 2022"]
[Site "Luhacovice"]
[Date "2022.03.12"]
[Round "1.39"]
[White "Cinkova, Vicky"]
[Black "Lipovska Viktorie"]
[Result "1-0"]
[ECO "C45"]
[WhiteElo "1317"]
[BlackElo "1189"]
[Annotator "NA"]
[PlyCount "56"]
[EventDate "2022.03.12"]
[EventType "swiss"]
[EventCountry "CZE"]
[SourceTitle "playchess.com"]
[Source "ChessBase"]
[SourceQuality "1"]
[TimeControl "40/5400+30:1800+30"]

1. e4 e5 2. Nf3 Nc6 3. Nc3 Nf6 4. d4 exd4 5. Nxd4 Nxd4 6. Qxd4 b6 7. Bg5 Be7 8. Bc4 d6 9. O-O O-O 10. Rad1 Be6 11. Bxe6 fxe6 12. Qc4 Qd7 13. Nb5 Rfc8 14. Nd4 d5 15. exd5 Nxd5 16. Bxe7 Qxe7 17. Qc6 Re8 18. Rfe1 Kf7 19. Rxe6 Qc5 20. Qd7+ Re7 21. Rxe7+ Nxe7 22. Qe6+ Kf8 23. Qe4 Re8 24. Ne6+ Kf7 25. Nxc5 bxc5 26. h3 Kg8 27. Qe6+ Kh8 28. Qd7 Nf5 1-0

[Event "CZE-ch Youth G10-G12-G14 2022"]
[Site "Luhacovice"]
[Date "2022.03.12"]
[Round "1.40"]
[White "Zilava Lucie"]
[Black "Reznickova, Sibyla"]
[Result "1-0"]
[ECO "C50"]
[WhiteElo "1059"]
[BlackElo "1304"]
[Annotator "NA"]
[PlyCount "120"]
[EventDate "2022.03.12"]
[EventType "swiss"]
[EventCountry "CZE"]
[SourceTitle "playchess.com"]
[Source "ChessBase"]
[SourceQuality "1"]
[TimeControl "40/5400+30:1800+30"]

1. e4 e5 2. Nf3 Nc6 3. Bc4 Bc5 4. Nc3 d6 5. d3 Bg4 6. Nd5 Nd4 7. c3 Nxf3+ 8. gxf3 Bh5 9. b4 Bb6 10. Nxb6 cxb6 11. Bb5+ Kf8 12. d4 Qf6 13. Be2 Rc8 14. Rg1 h6 15. Bb2 Ne7 16. f4 Bxe2 17. Qxe2 Qxf4 18. Qg4 Qxg4 19. Rxg4 h5 20. Rg2 Rh6 21. Bc1 Rf6 22. Bd2 exd4 23. cxd4 Rc4 24. e5 dxe5 25. dxe5 Re4+ 26. Kf1 Rf5 27. Rd1 Kg8 28. Bh6 Ng6 29. Rd8+ Kh7 30. Bd2 Nh4 31. Rg3 Nf3 32. Kg2 Nxd2 33. Rxd2 Rexe5 34. Rd7 Re2 35. Rf3 Rxf3 36. Kxf3 Rxa2 37. Rxf7 a5 38. Rxb7 axb4 39. Rxb6 Rb2 40. h4 b3 41. Kg2 Kg8 42. Kf3 Kf7 43. Ke3 Ke7 44. f3 Rb1 45. Kf4 b2 46. Kf5 g6+ 47. Kf4 Kd7 48. Rb3 Kd6 49. Rb8 Kd5 50. Rb3 Kc4 51. Rb6 Kd3 52. Rb3+ Ke2 53. Rb6 Kf2 54. Rb5 Kg2 55. Rb3 Kh3 56. Rb4 Kxh4 57. Ke5+ Kg3 58. Kf6 Kxf3 59. Kxg6 Rg1+ 60. Kxh5 b1=Q 1-0

[Event "CZE-ch Youth G10-G12-G14 2022"]
[Site "Luhacovice"]
[Date "2022.03.12"]
[Round "1.41"]
[White "Koval, Anna"]
[Black "Foldynova Julie"]
[Result "0-1"]
[ECO "C42"]
[WhiteElo "1278"]
[BlackElo "1000"]
[Annotator "NA"]
[PlyCount "95"]
[EventDate "2022.03.12"]
[EventType "swiss"]
[EventCountry "CZE"]
[SourceTitle "playchess.com"]
[Source "ChessBase"]
[SourceQuality "1"]
[TimeControl "40/5400+30:1800+30"]

1. e4 e5 2. Nf3 Nf6 3. Nxe5 d6 4. Nf3 Nxe4 5. Qe2 Qe7 6. d4 d5 7. Nbd2 Nc6 8. Nxe4 dxe4 9. Ng5 Nxd4 10. Qc4 c5 11. Be3 h6 12. Nh3 b5 13. Qc3 b4 14. Qd2 Qe5 15. O-O-O Bf5 16. Bxd4 cxd4 17. Qxd4 Qxd4 18. Rxd4 Be7 19. Nf4 Bg5 20. Bb5+ Ke7 21. g3 Rab8 22. Ba4 Rhc8 23. Kb1 Bf6 24. Nd5+ Ke6 25. Bd7+ Kxd7 26. Nxf6+ Ke6 27. Nxe4 Ke5 28. Nd6 Bxc2+ 29. Ka1 Kxd4 30. Nxc8 Rxc8 31. Rc1 Kd3 32. b3 Kc3 33. h3 a5 34. h4 a4 35. bxa4 Ra8 36. Re1 f5 37. Re3+ Bd3 38. h5 Rxa4 39. Rxd3+ Kxd3 40. Kb2 Kc4 41. f3 Ra5 42. f4 Ra7 43. Kb1 Re7 44. a4 Kb3 45. Kc1 Kc3 46. Kd1 b3 47. a5 b2 48. a6 0-1

[Event "CZE-ch Youth G10-G12-G14 2022"]
[Site "Luhacovice"]
[Date "2022.03.12"]
[Round "1.42"]
[White "Urvalkova Ema"]
[Black "Kaplanova, Dominika"]
[Result "0-1"]
[ECO "B11"]
[WhiteElo "1000"]
[BlackElo "1269"]
[Annotator "NA"]
[PlyCount "53"]
[EventDate "2022.03.12"]
[EventType "swiss"]
[EventCountry "CZE"]
[SourceTitle "playchess.com"]
[Source "ChessBase"]
[SourceQuality "1"]
[TimeControl "40/5400+30:1800+30"]

1. e4 c6 2. Nf3 d5 3. Nc3 dxe4 4. Nxe4 Bf5 5. Bd3 e6 6. O-O Nd7 7. Qe2 Bxe4 8. Qxe4 Ngf6 9. Qh4 Nc5 10. Ne5 Bd6 11. Re1 Bxe5 12. Qh3 Nxd3 13. cxd3 Bc7 14. Re3 Nd5 15. Re4 Nf4 16. Qg4 Ng6 17. b3 Qd6 18. Qh3 O-O-O 19. Re3 Bb6 20. Rf3 Ne5 21. Rg3 Qd4 22. Rf3 Qxa1 23. g4 Qxc1+ 24. Kg2 Nxf3 25. Qxf3 f6 26. a4 Qxd2 27. Kh3 0-1